 Dungeon Crawl Stone Soup version 0.31-a0-818-ge7c7cf74f0 (console) character file.

Game seed: 17297692992596038051

2767321 elliptic the Conqueror (level 27, 238/238 HPs)
             Began as a Gargoyle Cinder Acolyte on Sept 22, 2023.
             Was the Champion of Jiyva.
             Escaped with the Orb
             ... and 4 runes!
             The game lasted 02:55:12 (53440 turns).

elliptic the Conqueror (Gargoyle Cinder Acolyte)   Turns: 53440, Time: 02:55:13

Health: 238/238    AC: 64    Str: 43    XL:     27
Magic:  24/24      EV: 19    Int: 22    God:    Jiyva [******]
Gold:   110        SH: 33    Dex: 24    Spells: 28/28 levels left

rFire   + . .        a - +8 broad axe {speed, Will+, norare}
rCold   + + .        C - +0 tower shield
rNeg    + + +        p - +8 gold dragon scales {nodragon}
rPois   inf          (helmet unavailable)
rElec   +            e - +4 cloak "Ydesoste" {rPois rN+ Str+4}
rCorr   +            j - +0 pair of gloves
SInv    +            t - +2 pair of boots
Will    ++++.        m - amulet "Opnim" {Reflect Will+ Str+4 Int+3 SH+5 SInv} Stlth
                     d - ring of the Queen {Str+5 Dex+6}
HPRegen 2.19/turn    M - ring "Niblur" {rC+ rN+ Str+5 Dex+6}
MPRegen 0.69/turn

%: reflection
@: flying, studying 2 skills
A: sickness immunity, AC +20, big wings, negative energy resistance 1,
electricity resistance, torment resistance 1, petrification resistance, antennae
3, iridescent scales 2, agile 2, clever 1, deformed body, robust 2, weak 1, wild
magic 1, gelatinous body 1, translucent skin 2, jelly sensing items, no potion
heal 1, sturdy frame 1, engulf
0: Orb of Zot
}: 4/15 runes: barnacled, slimy, silver, gossamer
a: Renounce Religion, Oozemancy, Slimify


You escaped.
You worshipped Jiyva.
Jiyva was exalted by your worship.
You visited 12 branches of the dungeon, and saw 56 of its levels.
You also visited: Gauntlet and Desolation.

You collected 7416 gold pieces.
You spent 7306 gold pieces at shops.


Innate Abilities, Weirdness & Mutations

You are immune to sickness and miasma.
Your stone body is resilient. (AC +20)
You are immune to poison.
Your large and strong wings let you fly.
You resist negative energy. (rN+)
You are resistant to electric shocks. (rElec)
You are resistant to unholy torment.
You are immune to petrification.
You have a pair of large antennae on your head. (SInv)
You are mostly covered in iridescent scales. (AC +4)
You are very agile. (Dex +8, Str/Int -2)
Your mind is acute. (Int +4, Str/Dex -1)
Armour fits poorly on your strangely shaped body.
You are very robust. (+20% HP)
You are weak. (Str -2)
Your spells are a little harder to cast, but a little more powerful.
Your rubbery body absorbs attacks. (AC +1, EV +1)
Your translucent skin reduces your foes' accuracy. (Stealth+)
You have a small jelly attached to you that senses nearby items.
Potions are less effective at restoring your health.
Your movements are slightly less encumbered by armour. (ER -2)
Your melee attacks may engulf your foes in ooze.


   Skills:
 O Level 27 Fighting
 - Level 15.2(18.0) Axes
 - Level 12.0(15.7) Maces & Flails
 - Level 12.0(15.2) Polearms
 + Level 22.5 Armour
 + Level 12.6 Dodging
 O Level 27 Shields
 - Level 1.0 Spellcasting
 - Level 3.0 Fire Magic
 - Level 6.0 Evocations


You had 28 spell levels left.
You didn't know any spells.
Your spell library contained the following spells:

 Spells                   Type           Power      Damage    Failure   Level
 Scorch                   Fire           36%        2d6       30%         2
 Apportation              Tloc           2%         N/A       54%         1
 Freeze                   Ice            4%         1d3       54%         1
 Necrotise                Necr           4%         1d4       54%         1
 Shock                    Conj/Air       4%         1d3       54%         1
 Slow                     Hex            4%         N/A       54%         1
 Summon Small Mammal      Summ           4%         N/A       54%         1
 Ensorcelled Hibernation  Hex/Ice        2%         N/A       69%         2
 Jinxbite                 Hex            2%         N/A       69%         2
 Momentum Strike          Conj/Tloc      2%         3d8       69%         2
 Passwall                 Tmut/Erth      0%         N/A       69%         2
 Poisonous Vapours        Pois/Air       2%         N/A       69%         2
 Inner Flame              Hex/Fire       10%        N/A       71%         3
 Volatile Blastmotes      Fire/Tloc      20%        2d11      71%         3
 Ignite Poison            Fire/Tmut/Pois 7%         N/A       78%         3
 Call Canine Familiar     Summ           1%         N/A       88%         3
 Confusing Touch          Hex            1%         N/A       88%         3
 Dazzling Flash           Conj/Hex       2%         N/A       88%         3
 Frozen Ramparts          Ice            2%         1d1       88%         3
 Gell's Gravitas          Tloc           1%         N/A       88%         3
 Hailstorm                Conj/Ice       1%         3d3       88%         3
 Mephitic Cloud           Conj/Pois/Air  1%         N/A       88%         3
 Ozocubu's Armour         Ice            1%         N/A       88%         3
 Sigil of Binding         Hex            1%         N/A       88%         3
 Summon Guardian Golem    Hex/Summ       1%         N/A       88%         3
 Swiftness                Air            1%         N/A       88%         3
 Teleport Other           Tloc           1%         N/A       88%         3
 Tukima's Dance           Hex            1%         N/A       88%         3
 Vampiric Draining        Necr           1%         2d6       88%         3
 Flame Wave               Conj/Fire      10%        2d6       97%         4
 Sticky Flame             Conj/Fire      10%        2d3       97%         4
 Anguish                  Hex/Necr       0%         N/A       99%         4
 Dimensional Bullseye     Hex/Tloc       0%         N/A       99%         4
 Iskenderun's Mystic Bla  Conj/Tloc      1%         2d3       99%         4
 Olgreb's Toxic Radiance  Pois           1%         N/A       99%         4
 Petrify                  Tmut/Erth      1%         N/A       99%         4
 Summon Ice Beast         Ice/Summ       1%         N/A       99%         4
 Summon Lightning Spire   Summ/Air       1%         N/A       99%         4
 Vhi's Electric Charge    Tloc/Air       2%         N/A       99%         4
 Agony                    Necr           1%         N/A       100%        5
 Alistair's Intoxication  Tmut/Pois      0%         N/A       100%        5
 Arcjolt                  Conj/Air       0%         1d10      100%        5
 Borgnjor's Vile Clutch   Necr/Erth      0%         N/A       100%        5
 Freezing Cloud           Conj/Ice/Air   0%         6-21      100%        5
 Irradiate                Conj/Tmut      0%         3d11      100%        5
 Metabolic Englaciation   Hex/Ice        0%         N/A       100%        5
 Silence                  Hex/Air        0%         N/A       100%        5
 Summon Forest            Summ/Tloc      0%         N/A       100%        5
 Yara's Violent Unravell  Hex/Tmut       0%         3d3       100%        5
 Dispersal                Tloc           0%         N/A       100%        6
 Eringya's Noxious Bog    Tmut/Pois      0%         4d6       100%        6
 Plasma Beam              Fire/Air       5%         2x1d15    100%        6
 Simulacrum               Ice/Necr       0%         N/A       100%        6
 Starburst                Conj/Fire      5%         6d4       100%        6
 Summon Cactus Giant      Summ           0%         N/A       100%        6
 Haunt                    Necr/Summ      0%         N/A       100%        7
 Spellforged Servitor     Conj/Summ      0%         N/A       100%        7
 Borgnjor's Revivificati  Necr           0%         N/A       100%        8
 Discord                  Hex            0%         N/A       100%        8
 Ignition                 Fire           9%         3d5       100%        8
 Infestation              Necr           0%         N/A       100%        8
 Lehudib's Crystal Spear  Conj/Erth      0%         10d2      100%        8
 Maxwell's Capacitive Co  Air            0%         death     100%        8
 Chain Lightning          Conj/Air       0%         2d1       100%        9
 Death's Door             Necr           0%         N/A       100%        9
 Fire Storm               Conj/Fire      5%         8d1       100%        9
 Shatter                  Erth           0%         3d5*      100%        9
 Sublimation of Blood     Necr           Unusable   N/A       N/A         2

Inventory:

Hand Weapons
 a - the +8 mithril axe "Arga" (weapon) {speed, Will+, norare}
   (You found it on level 1 of the Shoals)

   Will+:     It increases your willpower.
 b - the +18 lance "Wyrmbane" {slay drac, rPois rF+ rC+ AC+3, norare}
   (You took it off Maggie on level 7 of the Dungeon)

   AC+3:      It affects your AC (+3).
   rF+:       It protects you from fire.
   rC+:       It protects you from cold.
   rPois:     It protects you from poison
Missiles
 g - 6 throwing nets
 E - 24 curare-tipped darts (quivered)
Armour
 e - the +4 cloak "Ydesoste" (worn) {rPois rN+ Str+4}
   (You acquired it on level 1 of the Shoals)

   Str+4:     It affects your strength (+4).
   rPois:     It protects you from poison rN+: It protects you from negative
   energy.
 j - a +0 pair of gloves (worn)
 p - +8 gold dragon scales (worn) {nodragon}
 t - a +2 pair of boots (worn)
 C - a +0 tower shield (worn)
 L - a +2 helmet of see invisible
Jewellery
 d - the ring of the Queen (left hand) {Str+5 Dex+6}
   (You found it on level 1 of the Shoals)

   [ring of dexterity]

   Str+5:     It affects your strength (+5).
   Dex+6:     It affects your dexterity (+6).
 l - the ring "Cerixtor" {rF+ rC+}
   (You found it on level 2 of the Elven Halls)

   [ring of protection from fire]

   rF+:       It protects you from fire.
   rC+:       It protects you from cold.
 m - the amulet "Opnim" (around neck) {Reflect Will+ Str+4 Int+3 SH+5 SInv}
   (You found it on level 3 of the Vaults)

   [amulet of reflection]

   Reflect:   It reflects blocked missile attacks.
   Str+4:     It affects your strength (+4).
   Int+3:     It affects your intelligence (+3).
   Will+:     It increases your willpower.
   SInv:      It lets you see invisible.
   SH+5:      It affects your SH (+5).
 q - the ring "Duxyovene" {Fly rPois rF+ Will+ Int-3}
   (You found it in the Desolation of Salt)

   [ring of flight]

   Int-3:     It affects your intelligence (-3).
   rF+:       It protects you from fire.
   rPois:     It protects you from poison Will+: It increases your willpower.
   Fly:       It grants you flight.
 s - the ring "Cinwiuq" {+Blink Will+ Str+6 Dex-5}
   (You found it in the Desolation of Salt)

   [ring of strength]

   Str+6:     It affects your strength (+6).
   Dex-5:     It affects your dexterity (-5).
   Will+:     It increases your willpower.
   +Blink:    It lets you blink.
 x - a ring of the Octopus King {HP+2 AC+2 EV+2 SH+2 SInv}
   (You found it on level 15 of the Dungeon)

   [ring of see invisible]

   AC+2:      It affects your AC (+2).
   EV+2:      It affects your evasion (+2).
   HP+2:      It affects your health (+2).
   SInv:      It lets you see invisible.
   SH+2:      It affects your SH (+2).
 M - the ring "Niblur" (right hand) {rC+ rN+ Str+5 Dex+6}
   (You found it on level 15 of the Dungeon)

   [ring of dexterity]

   Str+5:     It affects your strength (+5).
   Dex+6:     It affects your dexterity (+6).
   rC+:       It protects you from cold.
   rN+:       It protects you from negative energy.
 T - the amulet of Quahoxav {rElec Regen+ Str+2 Stlth+}
   (You found it in a Gauntlet)

   [amulet of regeneration]

   Str+2:     It affects your strength (+2).
   rElec:     It insulates you from electricity.
   Regen+:    It increases your rate of health regeneration.
   Stlth+:    It makes you more stealthy.
Wands
 c - a wand of charming (42)
 G - a wand of iceblast (25)
 V - a wand of quicksilver (30)
 W - a wand of mindburst (4)
 Z - a wand of digging (4)
Scrolls
 k - 3 scrolls of summoning
 u - 7 scrolls of blinking
 w - 4 scrolls of fear
 y - 6 scrolls of poison
 A - 9 scrolls of vulnerability
 B - 6 scrolls of enchant weapon
 D - 15 scrolls of teleportation
 R - 8 scrolls of fog
 X - 3 scrolls of silence {!r}
Potions
 f - 30 potions of curing
 i - 5 potions of mutation {!q}
 n - 3 potions of berserk rage {!q}
 o - a potion of invisibility
 v - 6 potions of ambrosia
 z - 4 potions of brilliance
 F - 17 potions of heal wounds
 H - 4 potions of resistance
 I - 12 potions of might
 J - 4 potions of magic
 K - 9 potions of cancellation
 O - 5 potions of haste
 Y - 5 potions of enlightenment
Miscellaneous
 h - a lightning rod (4/4)


Message History

There is a stone staircase leading down here.
A blizzard demon comes into view.
You can't go up here!
You slash the blizzard demon!
The blizzard demon is moderately wounded.
You closely miss the blizzard demon.
The blizzard demon is moderately wounded.
Jiyva gurgles merrily.
You slash the blizzard demon!
The blizzard demon is heavily wounded.
The blizzard demon waves its arms in wide circles.
The air twists around and strikes you!
You slash the blizzard demon!
The blizzard demon is heavily wounded.
You slice the blizzard demon!!
The blizzard demon is almost dead.
The blizzard demon gestures at you. The bolt of lightning hits you! You resist.
You slice the blizzard demon!!
You kill the blizzard demon!
No target in view!
No target in view!
No target in view!
There is a stone staircase leading up here.
You fly upwards.
There is a stone staircase leading down here.
HP restored.
There is a stone staircase leading up here.
You fly upwards.
There is a stone staircase leading down here.
Aiming: Dig
Press: ? - help, Shift-Dir - straight line, f - you Please select a direction to dig.
A stone staircase leading down.
This square is covered in magical glow.
The rock shatters into small pieces.
Blink to where?
Press: ? - help, Dir - move target
As you read the scroll of blinking, it crumbles to dust.
There is a staircase leading out of the dungeon here.
You have escaped!

..# #..# ### ######## #..#### #
#'.....### #...... # ##.......'#
#...... # ##.........## ###.#.##
# ##...........## #...#..#
##########.............###.#%##.#
........##..............##.#.##.#
#.#####.........@..........#.##.#
#.### #.##..............##.#.##.#
#...###..+.............##..#.##.#
###..##.###...........##..##.##.#
# ##.##.# ##.........#'......##.#
# #.##.## ##.......##..#######.#
# #.....#####.....##...#.......#
# ####....####.####..###.#######
### #.##.......................


There were no monsters in sight!

Vanquished Creatures
  2 orbs of fire (Zot:5)
  2 ancient liches (Zot:5)
  2 juggernauts
  Josephina (Depths:2)
  A shard shrike (Zot:2)
  Frederick (Crypt:3)
  Vv (Zot:1)
  A Killer Klown (Zot:5)
  Saint Roka (Vaults:1)
  Bai Suzhen (Depths:2)
  3 curse toes
  3 caustic shrikes
  8 golden dragons
  2 bone dragons (Depths:4)
  An iron giant (Depths:1)
  An electric golem (Zot:5)
  A walking crystal tome (Depths:3)
  A hellephant (Zot:2)
  Rupert (Lair:5)
  24 Orb Guardians
  11 tentacled monstrosities
  2 walking divine tomes (Depths:3)
  3 liches
  A walking earthen tome (Depths:3)
  A walking frostbound tome (Depths:3)
  A quicksilver dragon (Zot:2)
  3 titans
  11 ancient champions
  Frances (D:13)
  2 krakens
  7 sphinxes
  11 death cobs
  The ghost of Ubraesch the Brawler, an adept TrMo of Nemelex Xobeh (Depths:1)
  5 tengu reavers
  10 storm dragons
  8 shadow dragons
  3 draconian monks
  3 revenants
  22 vault wardens
  11 fire giants
  3 deep elf sorcerers
  5 draconian scorchers
  12 frost giants
  3 emperor scorpions
  5 ghost moths
  2 balrugs
  2 iron dragons
  3 imperial myrmidons (Desolation)
  6 orc warlords
  3 draconian annihilators
  11 ghouls
  3 war gargoyles (Vaults:5)
  21 ironbound preservers
  4 spriggan defenders
  4 broodmothers
  10 ironbound thunderhulks
  13 stone giants
  A reaper (Crypt:2)
  13 very ugly things
  2 deep elf demonologists
  11 spark wasps
  4 green draconians
  5 white draconians
  Azrael (D:15)
  5 purple draconians
  31 dire elephants
  6 vampire knights
  2 halazid warlocks (Desolation)
  7 black draconians
  7 red draconians
  3 yellow draconians
  3 minotaurs
  Snorg (D:13)
  A blizzard demon (D:3)
  4 eidola
  10 ettins
  4 deep elf death magi
  2 crystal guardians (Desolation)
  3 iron golems (Zot:3)
  A merfolk javelineer (Shoals:4)
  13 jiangshi
  2 entropy weavers
  10 merfolk impalers
  2 mummy priests (Crypt:3)
  6 ragged hierophants
  4 fire dragons
  17 yaktaur captains
  15 servants of whispers (Desolation)
  A spriggan zombie (Crypt:2)
  4 deep elf high priests (Vaults:5)
  39 vault guards
  7 hydras
  A quicksilver dragon skeleton (Crypt:2)
  4 rakshasas
  9 peacekeepers
  3 ogre magi (Vaults:5)
  A spriggan air mage (Depths:4)
  Erolcha (D:9)
  14 centaur warriors
  A fenstrider witch skeleton (Crypt:2)
  3 radroaches
  3 merfolk aquamancers
  A caustic shrike simulacrum (Depths:2)
  6 ice dragons
  7 boulder beetles
  5 catoblepae
  14 ironbound frosthearts
  A jorogumo (Spider:2)
  9 merfolk avatars
  23 dancing weapons
  10 satyrs (Shoals:4)
  2 two-headed ogres
  6 demonic crawlers
  An azure jelly zombie (Crypt:3)
  A hell hog (Gauntlet)
  5 tengu warriors
  12 vampire magi
  9 deep troll shamans
  4 orc high priests (Orc:2)
  4 death yaks (Lair:5)
  8 deep troll earth magi
  3 thrashing horrors (Lair:5)
  3 sun demons
  11 spriggan berserkers
  A soul eater (Crypt:2)
  14 deep elf knights
  9 skysharks
  31 skeletal warriors
  A fire crab (D:15)
  5 shadow wraiths
  8 iron trolls
  9 pharaoh ants
  2 sixfirhies
  86 deep trolls
  8 sea snakes
  7 flayed ghosts
  3 sun moths
  6 orb spiders
  An anaconda zombie (Crypt:1)
  4 bog bodies
  A ghost moth zombie (Crypt:2)
  An orange crystal statue (Elf:2)
  A spriggan simulacrum (Crypt:2)
  12 deep elf archers
  An obsidian statue (Zot:5)
  8 wizards
  18 deep elf zephyrmancers
  7 phantasmal warriors
  5 lindwurms
  A bunyip skeleton (Crypt:2)
  10 orc knights
  18 ironbound convokers
  23 harpies
  24 deep elf pyromancers
  A steelbarb worm (shapeshifter) (Vaults:5)
  13 steelbarb worms
  9 necromancers
  25 wolf spiders
  A sphinx simulacrum (Vaults:4)
  29 ugly things
  24 manticores
  A frost giant zombie (Crypt:3)
  An iron dragon zombie (Crypt:2)
  A salamander (Depths:2)
  18 moths of wrath
  2 shadow dragon skeletons
  9 cyclopes
  15 fauns
  5 orc sorcerers (Orc:2)
  A stone giant zombie (Vaults:4)
  4 black mambas
  Joseph (D:7)
  8 merfolk sirens
  3 elephants (Lair:3)
  2 guardian serpents (Desolation)
  An orange demon (Depths:1)
  2 smoke demons (Lair:5)
  2 titan simulacra
  Maggie (D:7)
  A dire elephant skeleton (Crypt:2)
  A cane toad (shapeshifter) (Lair:5)
  10 torpor snails
  A hellion (Zot:1)
  16 vault sentinels
  13 water nymphs
  3 gargoyles
  9 freezing wraiths
  2 unseen horrors
  4 rime drakes
  Jeremiah (D:7)
  4 efreet (D:15)
  16 cane toads
  An alligator snapping turtle skeleton (Crypt:3)
  A naga skeleton (Crypt:2)
  44 yaktaurs
  5 komodo dragons
  A black draconian skeleton (Crypt:3)
  A yaktaur skeleton (Vaults:4)
  A tormentor (D:9)
  3 tengu conjurers
  An unseen horror skeleton (Crypt:2)
  A sea snake skeleton (Crypt:2)
  10 trolls
  A catoblepas skeleton (Crypt:2)
  2 guardian mummies (Crypt:3)
  3 polar bears
  4 wind drakes
  A hornet (shapeshifter) (D:15)
  21 blink frogs
  A red draconian skeleton (Crypt:3)
  27 merfolk
  A polar bear (shapeshifter) (Lair:5)
  2 wind drakes (shapeshifter)
  A culicivora zombie (Crypt:1)
  7 hornets
  26 tarantellas
  A harpy skeleton (Crypt:3)
  7 snapping turtles
  2 raiju (Lair:5)
  64 saltlings
  A raiju (shapeshifter) (D:14)
  A snapping turtle (shapeshifter) (Depths:4)
  A stone giant simulacrum (Depths:2)
  8 dream sheep
  3 large abominations
  32 jumping spiders
  3 flying skulls (Crypt:1)
  An iron dragon simulacrum (Depths:2)
  3 slime creatures (D:12)
  A jumping spider (shapeshifter) (Elf:2)
  12 water elementals
  An air elemental (Elf:3)
  8 spriggans
  A hog (Orc:2)
  An ushabti (Crypt:3)
  5 wraiths
  2 centaur simulacra (D:15)
  36 culicivoras
  3 fire bats (Gauntlet)
  2 shadows
  23 fire elementals
  2 ynoxinuls
  6 wyverns
  24 yaks
  4 steam dragons
  A tyrant leech zombie (Crypt:1)
  9 vampire mosquitoes
  5 basilisks
  2 chaos spawn (Lair:5)
  A wind drake skeleton (Crypt:1)
  49 redbacks
  5 wargs
  4 acid dragons
  A two-headed ogre zombie (D:11)
  13 water moccasins
  3 hell hounds
  A fire bat skeleton (Crypt:1)
  2 hydra simulacra (Zot:2)
  4 black bears
  50 orc warriors
  16 ogres
  A boggart (D:15)
  32 wolves
  11 centaurs
  A swamp dragon skeleton (Crypt:3)
  3 phantoms
  2 elephant skeletons
  8 bullfrogs
  2 kobold brigands
  4 elf zombies
  A rime drake skeleton (Crypt:1)
  A gnoll sergeant (D:5)
  7 necrophages
  3 scorpions
  An earth elemental (Elf:3)
  A human simulacrum (Depths:2)
  8 wights
  2 troll zombies (D:11)
  11 killer bees
  A shapeshifter skeleton (Crypt:2)
  An electric eel (Lair:5)
  4 jellies (Lair:5)
  3 hounds
  3 gnoll boudas
  29 orc priests
  A sleepcap (D:8)
  4 iguanas
  20 orc wizards
  9 small abominations (Lair:5)
  5 ogre zombies (D:11)
  An ice beast zombie (Crypt:1)
  A tengu zombie (Crypt:2)
  19 gnolls
  7 adders
  4 shadow imps (Gauntlet)
  A white imp (Gauntlet)
  An ufetubus (D:6)
  A lava snake skeleton (Crypt:1)
  A worm (D:2)
  102 orcs
  5 endoplasms
  4 giant cockroaches
  6 hobgoblins
  7 jackals (D:2)
  3 quokkas
  4 ball pythons
  5 bats
  6 frilled lizards
  5 goblins
  A goblin skeleton (D:11)
  3 goblin zombies (D:11)
  3 hobgoblin zombies (D:11)
  17 kobolds
  2 orc skeletons (D:11)
  16 orc zombies (D:11)
  A quokka zombie (Crypt:1)
  6 rats
  A rat skeleton (Crypt:3)
  9 tentacles
2313 creatures vanquished.

Vanquished Creatures (collateral kills)
  A ghost moth (Spider:4)
  A demonic crawler (Spider:2)
  4 orb spiders
  A jumping spider (Spider:4)
  A yak (D:11)
8 creatures vanquished.

Vanquished Creatures (others)
  2 fire giants
  An ironbound preserver (Vaults:3)
  A great orb of eyes (shapeshifter) (Depths:3)
  2 yaktaur captains
  A servant of whispers (Desolation)
  13 great orbs of eyes
  A fire crab (shapeshifter) (Vaults:5)
  2 wizards
  2 deep elf archers (Elf:3)
  A necromancer (Elf:1)
  2 deep elf zephyrmancers (Elf:3)
  3 deep elf pyromancers
  An ugly thing (D:14)
  A cyclops (D:13)
  A moth of wrath (Spider:3)
  An orc sorcerer (Orc:2)
  4 vault sentinels
  A merfolk siren (Shoals:1)
  A naga skeleton (Crypt:2)
  A yaktaur (Vaults:3)
  A tengu conjurer (D:15)
  A queen bee (shapeshifter) (Vaults:5)
  A polar bear (Lair:5)
  A blink frog (Lair:5)
  A slime creature (shapeshifter) (Vaults:5)
  A culicivora (Spider:4)
  9 slime creatures
  2 water elementals (D:14)
  A fire elemental (Elf:3)
  A redback (Spider:1)
  3 floating eyes
  2 floating eyes (shapeshifter)
  148 jellies
  An orc priest (Orc:2)
  An orc wizard (D:9)
  7 orcs
  An orc skeleton (Crypt:3)
  25 foxfires (D:9)
  10 tentacles
259 creatures vanquished.

Grand Total: 2580 creatures vanquished

Notes
Turn   | Place    | Note
-------+----------+-------------------------------------------
     0 | D:1      | elliptic the Gargoyle Cinder Acolyte began the quest for
                  | the Orb.
     0 | D:1      | Reached XP level 1. HP: 14/14 MP: 2/2
   104 | D:1      | Found a faded altar of an unknown god.
   251 | D:1      | Reached XP level 2. HP: 20/20 MP: 3/3
   824 | D:1      | Learned a level 2 spell: Scorch
   966 | D:2      | Reached XP level 3. HP: 24/24 MP: 4/4
  1197 | D:2      | Reached skill level 1 in Armour
  1535 | D:2      | Reached XP level 4. HP: 24/29 MP: 5/5
  1992 | D:3      | Found a sparkling altar of Nemelex Xobeh.
  2949 | D:4      | Reached XP level 5. HP: 28/34 MP: 6/6
  3078 | D:4      | Identified the +1 rapier of Omuajia {freeze, Will+ Int+2}
  3310 | D:5      | Entered Level 5 of the Dungeon
  3364 | D:5      | Noticed a black bear
  3381 | D:5      | Killed a black bear
  3382 | D:5      | Reached XP level 6. HP: 30/40 MP: 7/7
  3471 | D:5      | Noticed a black bear
  3486 | D:5      | Killed a black bear
  3487 | D:5      | Reached skill level 6 in Maces & Flails
  3530 | D:5      | Found a staircase to the Ecumenical Temple.
  3552 | D:5      | Reached XP level 7. HP: 41/44 MP: 8/8
  3577 | Temple   | Entered the Ecumenical Temple
  3591 | D:5      | Found Muinaxac's Assorted Antiques.
  3748 | D:5      | Bought a smoky white potion for 23 gold pieces
  3748 | D:5      | Bought a scroll labelled HOJEICKYUQA for 26 gold pieces
  3748 | D:5      | Bought a scroll labelled HOJEICKYUQA for 26 gold pieces
  3748 | D:5      | Bought 3 scrolls labelled USTRYA CATIFFIG for 78 gold
                  | pieces
  4198 | D:5      | Noticed a steam dragon
  4212 | D:5      | Killed a steam dragon
  4270 | D:5      | Reached XP level 8. HP: 49/49 MP: 9/9
  4280 | D:5      | Reached skill level 3 in Armour
  4590 | D:6      | Reached skill level 9 in Maces & Flails
  4794 | D:6      | Noticed a yak
  4798 | D:6      | Reached skill level 6 in Fighting
  4805 | D:6      | Noticed a yak
  4807 | D:6      | Noticed a yak
  4820 | D:5      | Killed a yak
  4885 | D:5      | Killed a yak
  4888 | D:5      | Killed a yak
  4889 | D:5      | Reached XP level 9. HP: 42/55 MP: 8/10
  5221 | D:6      | Found a radiant altar of Vehumet.
  5446 | D:6      | Found Egaesopt's Weapon Boutique.
  5851 | D:7      | Found a bloodstained altar of Trog.
  5858 | D:7      | Found a glowing silver altar of Zin.
  5961 | D:7      | Found a hide-covered altar of Uskayaw.
  6045 | D:7      | Reached skill level 12 in Maces & Flails
  6134 | D:7      | Noticed Joseph
  6151 | D:7      | Killed Joseph
  6152 | D:7      | Reached XP level 10. HP: 49/65 MP: 7/11
  6300 | D:7      | Noticed Maggie
  6328 | D:7      | Killed Maggie
  6615 | D:8      | Found an iron altar of Okawaru.
  6664 | D:8      | Reached skill level 3 in Polearms
  6803 | D:8      | Found Fioqu's General Store.
  6938 | D:8      | Noticed Jeremiah
  7573 | D:9      | Found a stormy altar of Qazlal.
  7698 | D:9      | Noticed Erolcha
  7699 | D:9      | ugh
  7701 | D:9      | I guess actually
  7706 | D:9      | :(
  7814 | D:10     | Entered Level 10 of the Dungeon
  7828 | D:10     | Found Wock's Book Emporium.
  8166 | D:10     | Found Imuddulu's Magic Scroll Shoppe.
  8174 | D:10     | Bought a scroll of revelation for 97 gold pieces
  8174 | D:10     | Bought a scroll of fog for 52 gold pieces
  8183 | D:10     | Found a snail-covered altar of Cheibriados.
  8214 | D:10     | Found Feus's Magic Scroll Boutique.
  8223 | D:10     | Bought a scroll of teleportation for 45 gold pieces
  8223 | D:10     | Bought a scroll of blinking for 112 gold pieces
  8297 | D:10     | Killed an unseen horror
  8298 | D:10     | Reached skill level 6 in Polearms
  8503 | D:10     | Found a sacrificial altar of Ru.
  8703 | D:10     | Found Istek's Antique Armour Boutique.
  8827 | D:11     | Found a staircase to the Orcish Mines.
  9052 | D:11     | Reached XP level 11. HP: 69/69 MP: 12/12
  9146 | D:11     | Noticed a manticore
  9163 | D:11     | Killed a manticore
  9272 | D:11     | Reached skill level 9 in Polearms
  9454 | D:11     | Found a staircase to the Lair.
  9687 | D:11     | Noticed a centaur warrior
  9707 | D:11     | Killed a centaur warrior
 10105 | D:12     | Gained mutation: Your flesh is cold resistant. (rC+)
                  | [potion of mutation]
 10105 | D:12     | Gained mutation: You are partially covered in iridescent
                  | scales. (AC +2) [potion of mutation]
 10105 | D:12     | Lost mutation: Your flesh is cold resistant. (rC+) [potion
                  | of mutation]
 10105 | D:12     | Gained mutation: You are covered in fur. (AC +1) [potion of
                  | mutation]
 10380 | D:12     | Noticed a manticore
 10397 | D:12     | Killed a manticore
 10575 | D:12     | Found Lepusogg's Jewellery Shop.
 11052 | Lair:1   | Entered Level 1 of the Lair of Beasts
 11320 | Lair:1   | Reached XP level 12. HP: 68/75 MP: 11/13
 11496 | Lair:1   | Reached skill level 12 in Polearms
 11708 | Lair:1   | Found a snail-covered altar of Cheibriados.
 11955 | Lair:2   | Noticed a skyshark
 11964 | Lair:2   | Reached skill level 6 in Armour
 11977 | Lair:2   | Killed a skyshark
 12077 | Lair:2   | Reached skill level 9 in Fighting
 12111 | Lair:2   | Found a gate leading to a gauntlet.
 12193 | Gauntlet | Entered a Gauntlet
 12193 | Gauntlet | Noticed a soul eater
 12193 | Gauntlet | Found a transporter.
 12193 | Gauntlet | Found a transporter.
 12194 | Gauntlet | Upgraded the game from 0.31-a0-810-ga77100ea1a to
                  | 0.31-a0-818-ge7c7cf74f0
 12197 | Gauntlet | Found a transporter.
 12199 | Gauntlet | Found a transporter.
 12211 | Gauntlet | Found a transporter.
 12215 | Gauntlet | Found a transporter.
 12227 | Gauntlet | Noticed a death yak
 12229 | Gauntlet | Noticed a death yak
 12229 | Gauntlet | Noticed a death yak
 12229 | Gauntlet | Noticed a death yak
 12230 | Gauntlet | Found a transporter.
 12230 | Gauntlet | Noticed a death yak
 12232 | Gauntlet | Noticed a death yak
 12235 | Gauntlet | Noticed a hell hog
 12253 | Gauntlet | Found a transporter.
 12270 | Gauntlet | Found a transporter.
 12274 | Gauntlet | Found a transporter.
 12294 | Gauntlet | Found a transporter.
 12298 | Gauntlet | Found a transporter.
 12388 | Gauntlet | Identified the amulet of Joy {RegenMP Drain rElec rF+
                  | Str+2}
 12418 | Gauntlet | Identified the amulet of Quahoxav {rElec Regen+ Str+2
                  | Stlth+}
 12434 | Gauntlet | Killed a hell hog
 12479 | Gauntlet | Identified the staff "Dragon's Tongue" {rElec rPois rC-
                  | Int+3 Dex+5 Air}
 12523 | Gauntlet | Noticed a minotaur
 12534 | Gauntlet | Killed a minotaur
 12542 | Gauntlet | Got an ancient book
 12607 | Lair:2   | Reached skill level 1 in Evocations
 12720 | Lair:2   | Reached skill level 3 in Evocations
 12720 | Lair:2   | Reached XP level 13. HP: 63/84 MP: 14/14
 12826 | Lair:2   | Acquired 776 gold pieces
 13239 | Lair:2   | Found a hole to the Spider Nest.
 13661 | Lair:3   | Reached skill level 6 in Evocations
 13675 | Lair:3   | Found a staircase to the Shoals.
 13890 | Lair:3   | Reached skill level 9 in Armour
 14338 | Lair:3   | Identified the amulet "Pasumewn" {+Inv rF- Regen+ rCorr
                  | Int+5}
 14536 | Lair:4   | Reached skill level 12 in Fighting
 14767 | Lair:4   | Identified the +0 glaive "Weliew" {freeze, Dex+2}
 15239 | Lair:5   | Entered Level 5 of the Lair of Beasts
 15394 | Lair:5   | Gained mutation: Your large and strong wings let you fly.
                  | [Gargoyle growth]
 15394 | Lair:5   | Reached XP level 14. HP: 92/92 MP: 15/15
 15653 | Lair:5   | Found a viscous altar of Jiyva.
 15654 | Lair:5   | Found a staircase to the Slime Pits.
 15678 | Lair:5   | Fell from the grace of Ignis
 15678 | Lair:5   | Became a worshipper of Jiyva Jyuq the Shapeless
 15687 | Slime:1  | Entered Level 1 of the Pits of Slime
 15687 | Slime:1  | Noticed a rockslime
 15705 | Slime:1  | Noticed a rockslime
 15802 | Slime:2  | Noticed an azure jelly
 15853 | Slime:2  | Noticed an acid blob
 15866 | Slime:2  | Noticed an acid blob
 15869 | Slime:2  | Noticed an acid blob
 15882 | Slime:3  | Noticed a rockslime
 15907 | Slime:3  | Noticed an acid blob
 15909 | Slime:3  | Noticed a rockslime
 15922 | Slime:4  | Noticed an acid blob
 15927 | Slime:4  | Noticed an acid blob
 15989 | Slime:4  | Noticed an acid blob
 16023 | Slime:5  | Entered Level 5 of the Pits of Slime
 16023 | Slime:5  | Noticed an azure jelly
 16027 | Slime:5  | Noticed an acid blob
 16041 | Slime:5  | Noticed a rockslime
 16049 | Slime:5  | Found a viscous altar of Jiyva.
 16049 | Slime:5  | Noticed an acid blob
 16050 | Slime:5  | Noticed an acid blob
 16050 | Slime:5  | Noticed a rockslime
 16051 | Slime:5  | Noticed an azure jelly
 16052 | Slime:5  | Noticed an acid blob
 16052 | Slime:5  | Noticed an azure jelly
 16060 | Slime:5  | Noticed an acid blob
 16088 | Slime:5  | Noticed the Royal Jelly
 16089 | Slime:5  | Noticed an azure jelly
 16119 | Slime:5  | Noticed an acid blob
 16137 | Slime:5  | Noticed an azure jelly
 16142 | Slime:5  | Noticed an acid blob
 16151 | Slime:5  | Noticed an azure jelly
 16178 | Slime:5  | Noticed a rockslime
 16180 | Slime:5  | Noticed a rockslime
 16182 | Slime:5  | Noticed a formless jellyfish
 16184 | Slime:5  | Noticed a rockslime
 16188 | Slime:5  | Noticed a rockslime
 16189 | Slime:5  | Noticed a formless jellyfish
 16190 | Slime:5  | Noticed a formless jellyfish
 16222 | Slime:4  | Noticed an azure jelly
 16246 | Slime:4  | Noticed an azure jelly
 16265 | Slime:4  | Noticed a quicksilver ooze
 16279 | Slime:4  | Noticed an azure jelly
 16286 | Slime:4  | Noticed a quicksilver ooze
 16439 | Slime:3  | Noticed a quicksilver ooze
 16440 | Slime:3  | Noticed a quicksilver ooze
 16519 | Slime:1  | Noticed an azure jelly
 16647 | Lair:5   | Identified the +6 short sword of Jicson {spect, Drain Fly
                  | rN+++ Str-5}
 16746 | Lair:5   | Noticed Rupert
 16749 | Lair:5   | hm
 16761 | Lair:5   | Paralysed by Rupert for 3 turns
 16777 | Lair:5   | Killed Rupert
 17206 | Lair:5   | Reached skill level 15 in Fighting
 17329 | Lair:5   | Reached * piety under Jiyva
 17521 | Lair:5   | Found a corrupted altar of Lugonu.
 17521 | Lair:5   | Found a one-way gate to the infinite horrors of the Abyss.
 18348 | D:9      | Reached ** piety under Jiyva
 18837 | D:9      | Killed Erolcha
 18884 | D:7      | Killed Jeremiah
 18955 | Orc:1    | Entered Level 1 of the Orcish Mines
 19213 | Orc:2    | Entered Level 2 of the Orcish Mines
 19267 | Orc:2    | Noticed Sonja
 19277 | Orc:2    | Sonja changed into Sonja the hog
 19277 | Orc:2    | Noticed Sonja
 19286 | Orc:2    | Killed Sonja the hog
 19327 | Orc:2    | Reached XP level 15. HP: 107/107 MP: 16/16
 19597 | Orc:1    | Reached *** piety under Jiyva
 19597 | Orc:1    | Lost mutation: You are covered in fur. (AC +1) [Jiyva's
                  | grace]
 19597 | Orc:1    | Gained mutation: You possess an exceptional clarity of
                  | mind. [Jiyva's grace]
 19597 | Orc:1    | Gained mutation: You are robust. (+10% HP) [Jiyva's grace]
 19597 | Orc:1    | Gained mutation: You are very robust. (+20% HP) [Jiyva's
                  | grace]
 19597 | Orc:1    | Gained mutation: You are extremely robust. (+30% HP)
                  | [Jiyva's grace]
 20000 | Orc:2    | Reached skill level 12 in Armour
 20314 | Orc:2    | Found a staircase to the Elven Halls.
 20388 | Orc:2    | Noticed an orc warlord
 20472 | Orc:2    | Killed an orc warlord
 20580 | Orc:2    | Found Ekkoje's Weapon Shoppe.
 20774 | Orc:2    | Found Wouc Via's General Store.
 20782 | Orc:2    | Bought a potion of resistance for 120 gold pieces
 20782 | Orc:2    | Bought a potion of enlightenment for 60 gold pieces
 20916 | Orc:2    | Noticed an orc warlord
 20947 | Orc:2    | Killed an orc warlord
 20948 | Orc:2    | Reached skill level 18 in Fighting
 21132 | Orc:2    | Found Bemmomuf's General Store.
 21137 | Orc:2    | Bought a scroll of blinking for 97 gold pieces
 21144 | Orc:2    | Found Amenasih's Book Shop.
 21146 | Orc:2    | Was forgiven by Ignis
 21446 | D:13     | Noticed Snorg
 21465 | D:13     | Killed Snorg
 21508 | D:13     | Found a gate to the Vaults.
 21730 | D:13     | Reached **** piety under Jiyva
 21811 | D:13     | Noticed Frances
 21835 | D:13     | Killed Frances
 22652 | D:15     | Entered Level 15 of the Dungeon
 22754 | D:15     | Reached XP level 16. HP: 148/150 MP: 17/17
 22767 | D:15     | Found a staircase to the Depths.
 22870 | D:15     | Noticed Azrael
 22889 | D:15     | Killed Azrael
 22944 | D:15     | Lost mutation: You are extremely robust. (+30% HP) [Jiyva's
                  | grace]
 22944 | D:15     | Lost mutation: You are very robust. (+20% HP) [Jiyva's
                  | grace]
 22944 | D:15     | Lost mutation: You are robust. (+10% HP) [Jiyva's grace]
 22944 | D:15     | Gained mutation: You have acidic saliva. [Jiyva's grace]
 22944 | D:15     | Gained mutation: Your muscles are strong. (Str +4, Int/Dex
                  | -1) [Jiyva's grace]
 22944 | D:15     | Gained mutation: Your muscles are very strong. (Str +8,
                  | Int/Dex -2) [Jiyva's grace]
 22944 | D:15     | Gained mutation: You are mostly covered in iridescent
                  | scales. (AC +4) [Jiyva's grace]
 22984 | D:15     | Reached ***** piety under Jiyva
 23088 | D:15     | Reached skill level 1 in Shields
 23158 | D:15     | Found a transporter.
 23169 | D:15     | Reached skill level 3 in Shields
 23198 | D:15     | Found Caraoc's Antique Armour Shop.
 23277 | D:15     | Found the ring of the Octopus King
 23281 | D:15     | Identified a ring of the Octopus King {HP+2 AC+2 EV+2 SH+2
                  | SInv}
 23300 | D:15     | Found Esaed's Jewellery Boutique.
 23357 | D:15     | Found the ring of the Octopus King
 23373 | D:15     | Identified a ring of the Octopus King {rC+ HP+2 AC+2 EV+2
                  | SH+2}
 23384 | D:15     | Found Zeinereub's Jewellery Boutique.
 23436 | D:15     | Identified the +1 chain mail of Honesty {rC+ Regen+ Dex-5}
 23454 | D:15     | Reached skill level 6 in Shields
 23491 | D:15     | Identified the ring "Niblur" {rC+ rN+ Str+5 Dex+6}
 23569 | D:15     | Found a transporter.
 23919 | D:8      | Bought a lightning rod (4/4) for 440 gold pieces
 24105 | Spider:1 | Entered Level 1 of the Spider Nest
 24105 | Spider:1 | Found a transporter.
 24105 | Spider:1 | Found a transporter.
 24145 | Lair:2   | Reached skill level 1 in Dodging
 24250 | Spider:1 | Noticed soul19's ghost (adept GnIE)
 24331 | Spider:1 | Reached skill level 3 in Dodging
 24582 | Spider:1 | Reached XP level 17. HP: 124/124 MP: 18/18
 24646 | Spider:1 | Noticed Asterion
 24655 | Spider:1 | Slimified Asterion
 24655 | Spider:1 | Asterion changed into Asterion the azure jelly
 24655 | Spider:1 | Noticed Asterion
 24946 | Spider:2 | Reached skill level 9 in Shields
 25885 | Spider:3 | Noticed Arachne
 25894 | Spider:3 | Slimified Arachne
 25894 | Spider:3 | Arachne changed into Arachne the acid blob
 25894 | Spider:3 | Noticed Arachne
 26020 | Spider:3 | Lost mutation: You possess an exceptional clarity of mind.
                  | [Jiyva's grace]
 26020 | Spider:3 | Lost mutation: Your muscles are very strong. (Str +8,
                  | Int/Dex -2) [Jiyva's grace]
 26020 | Spider:3 | Gained mutation: Your movements are slightly less
                  | encumbered by armour. (ER -2) [Jiyva's grace]
 26020 | Spider:3 | Gained mutation: Your movements are less encumbered by
                  | armour. (ER -4) [Jiyva's grace]
 26020 | Spider:3 | Gained mutation: Your movements are significantly less
                  | encumbered by armour. (ER -6) [Jiyva's grace]
 26020 | Spider:3 | Gained mutation: You have a small jelly attached to you
                  | that may absorb projectiles. [Jiyva's grace]
 26353 | Spider:3 | Reached skill level 12 in Shields
 26676 | Spider:4 | Entered Level 4 of the Spider Nest
 26992 | Spider:4 | Identified the +6 short sword "Vudilit" {antimagic, rF+ rC+
                  | Dex+2}
 27346 | Spider:4 | Reached XP level 18. HP: 124/129 MP: 19/19
 27388 | Spider:4 | :(
 27595 | Spider:4 | sigh
 27692 | Spider:4 | Reached skill level 15 in Armour
 27728 | Spider:4 | Identified the scarf of Virtue {harm, Drain Str-4 Dex+5
                  | Slay+5}
 27735 | Spider:4 | Got a gossamer rune of Zot
 27956 | Shoals:1 | Entered Level 1 of the Shoals
 28015 | Shoals:1 | Reached skill level 15 in Shields
 28036 | Shoals:1 | Reached ****** piety under Jiyva
 28154 | Shoals:1 | Reached skill level 6 in Dodging
 28504 | Shoals:1 | Lost mutation: You are mostly covered in iridescent scales.
                  | (AC +4) [Jiyva's grace]
 28504 | Shoals:1 | Lost mutation: Your muscles are strong. (Str +4, Int/Dex
                  | -1) [Jiyva's grace]
 28504 | Shoals:1 | Lost mutation: You have a small jelly attached to you that
                  | may absorb projectiles. [Jiyva's grace]
 28504 | Shoals:1 | Lost mutation: Your movements are significantly less
                  | encumbered by armour. (ER -6) [Jiyva's grace]
 28504 | Shoals:1 | Gained mutation: You are mostly covered in iridescent
                  | scales. (AC +4) [Jiyva's grace]
 28504 | Shoals:1 | Gained mutation: You are completely covered in iridescent
                  | scales. (AC +6) [Jiyva's grace]
 28504 | Shoals:1 | Gained mutation: Your body has grown eyes which may confuse
                  | attackers. (Acc +3) [Jiyva's grace]
 28504 | Shoals:1 | Gained mutation: Your body has grown many eyes which may
                  | confuse attackers. (Acc +5) [Jiyva's grace]
 28658 | Shoals:1 | Found a runed translucent door.
 28659 | Shoals:1 | Found the +8 mithril axe "Arga" {speed, Will+}
 28843 | Shoals:1 | oh
 28858 | Shoals:1 | Acquired a manual of Axes
 29077 | Slime:5  | meh
 29327 | Slime:5  | Identified the +1 scale mail "Cuzyruzats" {Int+3 Dex+4}
 29361 | Slime:5  | Identified the +2 scimitar "Oseh" {heavy, rPois rF+ rC+}
 29365 | Slime:5  | Got a slimy rune of Zot
 29366 | Slime:5  | Identified the amulet "Zadghevi" {Faith Dex+3}
 29691 | Shoals:2 | Reached skill level 1 in Axes
 29779 | Shoals:2 | Found a glowing silver altar of Zin.
 29810 | Shoals:2 | Reached skill level 3 in Axes
 30299 | Shoals:2 | Reached skill level 6 in Axes
 30740 | Shoals:3 | Reached skill level 9 in Axes
 31365 | Shoals:4 | Entered Level 4 of the Shoals
 31525 | Shoals:4 | Lost mutation: Your movements are less encumbered by
                  | armour. (ER -4) [Jiyva's grace]
 31525 | Shoals:4 | Gained mutation: You have hidden genetic potential.
                  | [Jiyva's grace]
 31525 | Shoals:4 | Gained mutation: You have great hidden genetic potential.
                  | [Jiyva's grace]
 31525 | Shoals:4 | Gained mutation: You have a pair of small horns on your
                  | head. [Jiyva's grace]
 31525 | Shoals:4 | Gained mutation: You have a pair of horns on your head.
                  | [Jiyva's grace]
 31545 | Shoals:4 | Reached XP level 19. HP: 135/135 MP: 20/20
 31646 | Shoals:4 | Reached skill level 12 in Axes
 31880 | Shoals:4 | Identified the staff "Wuwagivu" {rN+ Str+3 Necro}
 31896 | Shoals:4 | Got a barnacled rune of Zot
 32391 | Shoals:1 | Identified the ring of the Queen {Str+5 Dex+6}
 32416 | Shoals:1 | Acquired the +4 cloak "Ydesoste" {rPois rN+ Str+4}
 32654 | Elf:1    | Entered Level 1 of the Elven Halls
 33114 | Elf:2    | Found Zahiter's Assorted Antiques.
 33146 | Elf:2    | Found Hadad's Dragon-Slaying Spoils.
 33559 | Elf:1    | Got a dog-eared book
 33794 | Elf:2    | Bought +0 gold dragon scales for 1440 gold pieces
 33869 | Elf:2    | Reached skill level 15 in Axes
 33870 | Elf:2    | Found a runed translucent gate.
 33872 | Elf:2    | Identified the +9 long sword of Fimbulwinter {heavy,
                  | Fragile rPois Int+6 SInv}
 33881 | Elf:2    | Found a runed translucent gate.
 33883 | Elf:2    | Found a runed translucent gate.
 34073 | Elf:2    | Gained mutation: You are robust. (+10% HP) [hidden
                  | potential]
 34150 | Elf:2    | Reached XP level 20. HP: 154/154 MP: 21/21
 34423 | Elf:2    | Lost mutation: You have a pair of horns on your head.
                  | [Jiyva's grace]
 34423 | Elf:2    | Gained mutation: Your rubbery body absorbs attacks. (AC +1,
                  | EV +1) [Jiyva's grace]
 34423 | Elf:2    | Gained mutation: Your pliable body absorbs attacks. (AC +2,
                  | EV +2) [Jiyva's grace]
 34423 | Elf:2    | Gained mutation: Your gelatinous body deflects attacks. (AC
                  | +3, EV +3) [Jiyva's grace]
 34423 | Elf:2    | Gained mutation: Your spells are a little harder to cast,
                  | but a little more powerful. [Jiyva's grace]
 34446 | Elf:2    | Identified the ring "Cerixtor" {rF+ rC+}
 34458 | Elf:3    | Entered Level 3 of the Elven Halls
 34554 | Elf:3    | Found Olyk's Distillery.
 34562 | Elf:3    | Bought a potion of heal wounds for 70 gold pieces
 34562 | Elf:3    | Bought a potion of might for 56 gold pieces
 34562 | Elf:3    | Bought a potion of might for 56 gold pieces
 34562 | Elf:3    | Bought a potion of might for 56 gold pieces
 35207 | D:10     | Bought a scroll of enchant armour for 112 gold pieces
 35296 | Vaults:1 | Entered Level 1 of the Vaults
 35296 | Vaults:1 | Noticed Saint Roka
 35320 | Vaults:1 | Killed Saint Roka
 35425 | Vaults:1 | Reached skill level 21 in Fighting
 35477 | Vaults:1 | Found a crumbling gateway.
 35494 | Desolati | Entered the Desolation of Salt
 35642 | Desolati | Got an ancient book
 35649 | Desolati | Identified the ring "Duxyovene" {Fly rPois rF+ Will+ Int-3}
 35654 | Desolati | Identified the amulet of Kymp {Reflect rPois SH+5}
 35659 | Desolati | eh
 35661 | Desolati | Identified the +4 scimitar of Supply {elec, +Blink rElec
                  | Int+5}
 35770 | Desolati | Gained mutation: You passively map a small area around you.
                  | [hidden potential]
 35770 | Desolati | Lost mutation: You have great hidden genetic potential.
                  | [hidden potential expressed]
 35803 | Desolati | Identified the +0 pair of boots of Stoicism {SInv}
 35818 | Desolati | Identified the +6 dagger "Viq Roed" {heavy, Will+}
 35885 | Desolati | Got a resplendent book
 35889 | Desolati | Identified the ring "Ympasa Waps" {Wiz +Blink rF+ Will-
                  | Int+5}
 35897 | Desolati | Identified the +1 spear of Emnoabis {freeze, rElec Dex+3}
 35943 | Desolati | Reached XP level 21. HP: 160/166 MP: 22/22
 35999 | Desolati | Got a graven book
 36002 | Desolati | Got a weird book
 36004 | Desolati | Identified the ring "Cinwiuq" {+Blink Will+ Str+6 Dex-5}
 36569 | Vaults:1 | Lost mutation: You have acidic saliva. [Jiyva's grace]
 36569 | Vaults:1 | Lost mutation: Your gelatinous body deflects attacks. (AC
                  | +3, EV +3) [Jiyva's grace]
 36569 | Vaults:1 | Gained mutation: You have a small jelly attached to you
                  | that senses nearby items. [Jiyva's grace]
 36569 | Vaults:1 | Lost mutation: You have hidden genetic potential. [Jiyva's
                  | grace]
 36569 | Vaults:1 | Gained mutation: You are somewhat resistant to further
                  | mutation. [Jiyva's grace]
 36569 | Vaults:1 | Gained mutation: You are somewhat resistant to both further
                  | mutation and mutation removal. [Jiyva's grace]
 36569 | Vaults:1 | Gained mutation: You are almost entirely resistant to
                  | further mutation and mutation removal. [Jiyva's grace]
 37316 | Vaults:2 | Found a staircase to the Crypt.
 37561 | Vaults:2 | Identified the +10 plate armour of Cocytus {Fly}
 37748 | Vaults:2 | Reached skill level 24 in Fighting
 38081 | Vaults:2 | meh
 38466 | Vaults:3 | Identified the +5 trident "Essotiem" {drain, rElec rPois
                  | rC- Str+5}
 38576 | Vaults:2 | :(
 38855 | Vaults:3 | Reached skill level 18 in Armour
 38933 | Vaults:3 | Identified the amulet "Opnim" {Reflect Will+ Str+4 Int+3
                  | SH+5 SInv}
 38935 | Vaults:3 | I guess
 38991 | Vaults:3 | Reached XP level 22. HP: 155/177 MP: 23/23
 39022 | Vaults:3 | Reached skill level 9 in Dodging
 39462 | Vaults:3 | Lost mutation: You are completely covered in iridescent
                  | scales. (AC +6) [Jiyva's grace]
 39462 | Vaults:3 | Lost mutation: You are almost entirely resistant to further
                  | mutation and mutation removal. [Jiyva's grace]
 39462 | Vaults:3 | Lost mutation: You passively map a small area around you.
                  | [Jiyva's grace]
 39462 | Vaults:3 | Lost mutation: You are robust. (+10% HP) [Jiyva's grace]
 39462 | Vaults:3 | Lost mutation: Your body has grown many eyes which may
                  | confuse attackers. (Acc +5) [Jiyva's grace]
 39462 | Vaults:3 | Lost mutation: Your pliable body absorbs attacks. (AC +2,
                  | EV +2) [Jiyva's grace]
 39462 | Vaults:3 | Gained mutation: You have a small jelly attached to you
                  | that may absorb projectiles. [Jiyva's grace]
 39462 | Vaults:3 | Gained mutation: You are covered in slimy tendrils that may
                  | disarm your opponents. [Jiyva's grace]
 39462 | Vaults:3 | Gained mutation: Armour fits poorly on your pseudopods.
                  | [Jiyva's grace]
 39462 | Vaults:3 | Gained mutation: Armour fits poorly on your large
                  | pseudopods. [Jiyva's grace]
 41011 | Vaults:4 | Lost mutation: You are mostly covered in iridescent scales.
                  | (AC +4) [Jiyva's grace]
 41011 | Vaults:4 | Lost mutation: Your rubbery body absorbs attacks. (AC +1,
                  | EV +1) [Jiyva's grace]
 41011 | Vaults:4 | Lost mutation: Armour fits poorly on your large pseudopods.
                  | [Jiyva's grace]
 41011 | Vaults:4 | Gained mutation: Your mind is acute. (Int +4, Str/Dex -1)
                  | [Jiyva's grace]
 41011 | Vaults:4 | Gained mutation: Your mind is very acute. (Int +8, Str/Dex
                  | -2) [Jiyva's grace]
 41011 | Vaults:4 | Gained mutation: You are agile. (Dex +4, Str/Int -1)
                  | [Jiyva's grace]
 41011 | Vaults:4 | Gained mutation: You are very agile. (Dex +8, Str/Int -2)
                  | [Jiyva's grace]
 41149 | Crypt:1  | Entered Level 1 of the Crypt
 41695 | Crypt:1  | Reached XP level 23. HP: 173/173 MP: 24/24
 42005 | Crypt:2  | Reached skill level 27 in Fighting
 42708 | Crypt:3  | Entered Level 3 of the Crypt
 42708 | Crypt:3  | Found a staircase to the Tomb.
 42805 | Crypt:3  | Lost mutation: You have a pair of small horns on your head.
                  | [Jiyva's grace]
 42805 | Crypt:3  | Lost mutation: You are partially covered in iridescent
                  | scales. (AC +2) [Jiyva's grace]
 42805 | Crypt:3  | Lost mutation: Your spells are a little harder to cast, but
                  | a little more powerful. [Jiyva's grace]
 42805 | Crypt:3  | Lost mutation: Your body has grown eyes which may confuse
                  | attackers. (Acc +3) [Jiyva's grace]
 42805 | Crypt:3  | Lost mutation: You are covered in slimy tendrils that may
                  | disarm your opponents. [Jiyva's grace]
 42805 | Crypt:3  | Lost mutation: You have a small jelly attached to you that
                  | may absorb projectiles. [Jiyva's grace]
 42805 | Crypt:3  | Gained mutation: Your melee attacks may engulf your foes in
                  | ooze. [Jiyva's grace]
 42805 | Crypt:3  | Gained mutation: Your translucent skin slightly reduces
                  | your foes' accuracy. (Stealth+) [Jiyva's grace]
 42805 | Crypt:3  | Gained mutation: Your translucent skin reduces your foes'
                  | accuracy. (Stealth+) [Jiyva's grace]
 42805 | Crypt:3  | Gained mutation: Your transparent skin significantly
                  | reduces your foes' accuracy. (Stealth+) [Jiyva's grace]
 43239 | Crypt:3  | Noticed Frederick
 43258 | Crypt:3  | Killed Frederick
 43594 | Crypt:3  | Noticed a curse toe
 43609 | Crypt:3  | Noticed a curse toe
 43626 | Crypt:3  | Killed a curse toe
 43643 | Crypt:3  | Killed a curse toe
 43748 | Crypt:3  | Found an ancient bone altar of Kikubaaqudgha.
 43762 | Crypt:3  | Found a basalt altar of Yredelemnul.
 43782 | Crypt:3  | Identified the +11 arbalest of the Extremes {drain, rF+ rC+
                  | Dex+4}
 43817 | Crypt:3  | Got a quivering book
 44084 | Depths:1 | Entered Level 1 of the Depths
 44084 | Depths:1 | Found a gateway to Hell.
 44125 | Depths:1 | Found a one-way gate leading to the halls of Pandemonium.
 44170 | Depths:1 | Found a runed translucent door.
 44177 | Depths:1 | Noticed Ubraesch's ghost (adept TrMo)
 44178 | Depths:1 | Found a transporter.
 44292 | Depths:1 | Reached skill level 21 in Armour
 44300 | Depths:1 | Identified the +7 great mace of Ehoxilykh {flame, Dex+2
                  | Stlth+}
 44318 | Depths:1 | Identified the +5 great mace of Giohiyl {heavy, Will- rCorr
                  | Int+2}
 44323 | Depths:1 | Found a transporter.
 44425 | Depths:1 | Noticed a caustic shrike
 44460 | Depths:1 | Lost mutation: You are somewhat resistant to both further
                  | mutation and mutation removal. [Jiyva's grace]
 44460 | Depths:1 | Gained mutation: You are robust. (+10% HP) [Jiyva's grace]
 44460 | Depths:1 | Gained mutation: You are very robust. (+20% HP) [Jiyva's
                  | grace]
 44460 | Depths:1 | Gained mutation: You are extremely robust. (+30% HP)
                  | [Jiyva's grace]
 44460 | Depths:1 | Gained mutation: Your spells are a little harder to cast,
                  | but a little more powerful. [Jiyva's grace]
 44534 | Depths:1 | Reached XP level 24. HP: 235/235 MP: 24/24
 44638 | Depths:1 | Killed a caustic shrike
 44739 | Depths:1 | Killed Ubraesch's ghost
 44806 | Depths:1 | Identified the ring "Jeok" {+Blink rPois Dex+3 Slay-2 SInv}
 44858 | Depths:2 | Noticed Bai Suzhen
 44873 | Depths:2 | Killed Bai Suzhen
 44960 | Depths:2 | Found Kutuh's General Store.
 44992 | Depths:2 | Bought a potion of might for 68 gold pieces
 45217 | Depths:2 | Found a one-way gateway to a ziggurat.
 45498 | Depths:2 | Noticed Josephina
 45517 | Depths:2 | Killed Josephina
 45519 | Depths:2 | Identified the ring of Xetwik {Ice Str+2}
 46018 | Depths:3 | Reached skill level 12 in Dodging
 46049 | Depths:3 | Noticed a caustic shrike
 46061 | Depths:3 | Killed a caustic shrike
 46070 | Depths:3 | Noticed a caustic shrike
 46082 | Depths:3 | Killed a caustic shrike
 46126 | Depths:3 | Noticed a juggernaut
 46144 | Depths:3 | Killed a juggernaut
 46283 | Depths:3 | Identified the +6 dagger "Eleots" {spect, rElec}
 46311 | Depths:3 | Reached XP level 25. HP: 243/243 MP: 24/24
 46343 | Depths:3 | Found Dacouw's Magic Scroll Shop.
 46349 | Depths:3 | Bought a scroll of teleportation for 54 gold pieces
 46349 | Depths:3 | Bought a scroll of teleportation for 54 gold pieces
 46349 | Depths:3 | Bought a scroll of teleportation for 54 gold pieces
 46349 | Depths:3 | Bought a scroll of teleportation for 54 gold pieces
 46351 | Depths:3 | Lost mutation: You are somewhat resistant to further
                  | mutation. [Jiyva's grace]
 46351 | Depths:3 | Lost mutation: You are extremely robust. (+30% HP) [Jiyva's
                  | grace]
 46351 | Depths:3 | Lost mutation: Armour fits poorly on your pseudopods.
                  | [Jiyva's grace]
 46351 | Depths:3 | Lost mutation: Your transparent skin significantly reduces
                  | your foes' accuracy. (Stealth+) [Jiyva's grace]
 46351 | Depths:3 | Gained mutation: You are partially covered in iridescent
                  | scales. (AC +2) [Jiyva's grace]
 46351 | Depths:3 | Gained mutation: You are mostly covered in iridescent
                  | scales. (AC +4) [Jiyva's grace]
 46351 | Depths:3 | Gained mutation: You are completely covered in iridescent
                  | scales. (AC +6) [Jiyva's grace]
 46351 | Depths:3 | Gained mutation: Your rubbery body absorbs attacks. (AC +1,
                  | EV +1) [Jiyva's grace]
 46769 | Vaults:5 | Entered Level 5 of the Vaults
 46951 | Vaults:5 | Reached skill level 18 in Shields
 47011 | Vaults:5 | Identified the +4 halberd of Charity {freeze, rC+++ rCorr
                  | Int-5 Dex-5}
 47218 | Vaults:5 | Found Vibroun's Distillery.
 47299 | Vaults:5 | Found Qabutat's Distillery.
 47309 | Vaults:5 | Found Ygyarode's Magic Scroll Boutique.
 47319 | Vaults:5 | Found Sishrax's Distillery.
 47323 | Vaults:5 | Got a silver rune of Zot
 47351 | Vaults:5 | Identified the ring "Viyqogig" {+Blink rF- Str+5 SInv}
 47474 | Vaults:5 | Acquired 1056 gold pieces
 47534 | Vaults:5 | Identified the +3 flail of Jal Vyis {vamp, rPois Dex+5}
 47581 | Vaults:5 | Got a shiny book
 47598 | Vaults:5 | Got a shiny book
 47825 | Vaults:5 | Reached skill level 21 in Shields
 47850 | Vaults:5 | Got an illuminated book
 48408 | Vaults:5 | Bought a scroll of blinking for 127 gold pieces
 48408 | Vaults:5 | Bought a scroll of teleportation for 51 gold pieces
 48422 | Vaults:5 | Bought a potion of might for 44 gold pieces
 48422 | Vaults:5 | Bought a potion of curing for 33 gold pieces
 48422 | Vaults:5 | Bought a potion of heal wounds for 55 gold pieces
 48422 | Vaults:5 | Bought 2 potions of haste for 220 gold pieces
 48422 | Vaults:5 | Bought a potion of enlightenment for 55 gold pieces
 48422 | Vaults:5 | Bought a potion of enlightenment for 55 gold pieces
 48443 | Vaults:5 | Bought a potion of might for 68 gold pieces
 48443 | Vaults:5 | Bought 2 potions of heal wounds for 170 gold pieces
 48443 | Vaults:5 | Bought a potion of heal wounds for 85 gold pieces
 48443 | Vaults:5 | Bought a potion of might for 68 gold pieces
 48443 | Vaults:5 | Bought a potion of curing for 51 gold pieces
 48443 | Vaults:5 | Bought a potion of magic for 136 gold pieces
 48454 | Vaults:5 | Bought a potion of heal wounds for 70 gold pieces
 48454 | Vaults:5 | Bought a potion of experience for 700 gold pieces
 48454 | Vaults:5 | Bought a potion of cancellation for 112 gold pieces
 48454 | Vaults:5 | Bought a potion of haste for 140 gold pieces
 48454 | Vaults:5 | Bought a potion of heal wounds for 70 gold pieces
 48454 | Vaults:5 | Bought a potion of mutation for 112 gold pieces
 48454 | Vaults:5 | Reached XP level 26. HP: 231/231 MP: 24/24
 48738 | Depths:2 | Bought a scroll of revelation for 127 gold pieces
 48738 | Depths:2 | Bought a potion of mutation for 136 gold pieces
 48968 | D:8      | Bought a potion of mutation for 88 gold pieces
 49222 | Elf:3    | Bought a potion of cancellation for 112 gold pieces
 49222 | Elf:3    | Bought a potion of curing for 42 gold pieces
 49222 | Elf:3    | Bought a potion of curing for 42 gold pieces
 49269 | Elf:2    | Bought a pair of embroidered boots for 345 gold pieces
 49270 | Elf:2    | Bought a potion of berserk rage for 230 gold pieces
 49270 | Elf:2    | Bought a potion of invisibility for 368 gold pieces
 49270 | Elf:2    | what
 49270 | Elf:2    | oh
 49563 | Depths:4 | Entered Level 4 of the Depths
 49579 | Depths:4 | Identified the +1 leather armour "Gavias" {rF+ rN+ rCorr
                  | Dex+4}
 49944 | Depths:4 | Noticed a juggernaut
 49956 | Depths:4 | Killed a juggernaut
 49957 | Depths:4 | Reached XP level 27. HP: 238/238 MP: 24/24
 50211 | Depths:4 | Found a gate to the Realm of Zot.
 50574 | Depths:3 | Bought a scroll of fear for 72 gold pieces
 50661 | Zot:1    | Entered Level 1 of the Realm of Zot
 50775 | Depths:3 | Bought a scroll of fear for 72 gold pieces
 51268 | Zot:1    | sigh
 51455 | Zot:1    | meh
 51467 | Zot:2    | Reached skill level 24 in Shields
 51597 | Zot:2    | Noticed Vv
 51643 | Zot:1    | Killed Vv
 51721 | Zot:2    | Lost mutation: You are completely covered in iridescent
                  | scales. (AC +6) [Jiyva's grace]
 51721 | Zot:2    | Lost mutation: Your mind is very acute. (Int +8, Str/Dex
                  | -2) [Jiyva's grace]
 51721 | Zot:2    | Lost mutation: You have a small jelly attached to you that
                  | senses nearby items. [Jiyva's grace]
 51721 | Zot:2    | Gained mutation: You have a small jelly attached to you
                  | that senses nearby items. [Jiyva's grace]
 51721 | Zot:2    | Gained mutation: You have a pair of small antennae on your
                  | head. [Jiyva's grace]
 51721 | Zot:2    | Gained mutation: You have a pair of antennae on your head.
                  | [Jiyva's grace]
 51721 | Zot:2    | Gained mutation: You have a pair of large antennae on your
                  | head. (SInv) [Jiyva's grace]
 51890 | Zot:3    | good clock
 52143 | Zot:5    | Entered Level 5 of the Realm of Zot
 52708 | Zot:5    | Noticed an orb of fire
 52718 | Zot:5    | Noticed an ancient lich
 52721 | Zot:5    | Killed an orb of fire
 52737 | Zot:5    | Killed an ancient lich
 52756 | Zot:5    | Noticed an electric golem
 52771 | Zot:5    | Noticed an ancient lich
 52772 | Zot:5    | Noticed an orb of fire
 52778 | Zot:5    | Killed an electric golem
 52786 | Zot:5    | Killed an ancient lich
 52787 | Zot:5    | Reached skill level 27 in Shields
 52788 | Zot:5    | Gained mutation: You are weak. (Str -2) [an orb of fire]
 52795 | Zot:5    | Gained mutation: Armour fits poorly on your strangely
                  | shaped body. [an orb of fire]
 52798 | Zot:5    | Gained mutation: Potions are less effective at restoring
                  | your health. [an orb of fire]
 52800 | Zot:5    | Killed an orb of fire
 52886 | Zot:5    | Got the Orb of Zot
 52893 | Zot:5    | Noticed an ancient lich
 53129 | Depths:1 | Noticed Hog Kotedas the pandemonium lord
 53440 | D:$      | Escaped with the Orb!

Levels and vault maps discovered:
D:1:      lemuel_arrival_rhombus, layout_basic, basic_ecumenical_altar
D:2:      minmay_razor_zed, layout_loops_ring,
          wander_ebering_terrifying_dragon_lair
D:3:      layout_basic, mainiacjoe_overflow_brackets, solitary_fountain
D:4:      layout_cave_pools
D:5:      layout_gridville, minmay_temple_entry_drinking_statues,
          nicolae_inconvenience_store, kennysheep_boxes
D:6:      layout_gridville, lemuel_crystal_altar, serial_shops,
          nicolae_shop_real_fake_doors
D:7:      layout_basic, kennysheep_little_box, mainiacjoe_overflow_big_doors,
          uniq_joseph, uniq_maggie
D:8:      layout_gridville, overflow_temple_1_default, serial_shops, shop,
          kennysheep_small_spiral, uniq_jeremiah
D:9:      layout_stronghold, lemuel_round_altar, amcnicky_mini_pool_medium,
          uniq_erolcha
D:10:     layout_irregular_city, nicolae_ru_sacrificial_ziggurat,
          mainiacjoe_overflow_tiny_flanked, serial_shops,
          nicolae_take_the_stairs, nicolae_shop_window_shopping, shop, shop
D:11:     layout_irregular_city, david_lair_shrubbed, zombieorc2_lemuel
D:12:     layout_loops_corners, serial_shops, nicolae_shop_gaudy_bauble,
          hangedman_decor_growths
D:13:     layout_roguey, hellmonk_vaults_order_and_chaos, uniq_frances,
          uniq_snorg
D:14:     layout_long_grid, nrook_pool_corridor
D:15:     hangedman_spin_cycle
Temple:   hellmonk_temple_forest_ring
Lair:1:   layout_regular_city, kennysheep_snail_temple, lemuel_fruit_tree
Lair:2:   layout_regular_city, nicolae_spider_entry_orb_guardian,
          gauntlet_entry_generic, minivault_26,
          nicolae_lair_run_with_the_wolves, serial_bayou_shore_b
Lair:3:   layout_cellular_growth, elwin_shoals_entry_stream,
          serial_bayou_shore_b, grunt_megastairs_2
Lair:4:   layout_hall_layers, serial_bayou_shore_b
Lair:5:   hellmonk_lair_end_abyssal_woods, layout_gridlike,
          nicolae_slime_entry_field_trip, serial_bayou_shore_b,
          serial_bayou_shore_a, uniq_rupert
Shoals:1: nicolae_shoals_offshore_bank_account, layout_shoals,
          nicolae_shoals_nymph_descending_staircase
Shoals:2: cheibrodos_shoals_baths, layout_shoals, wheals_shoals_ruined_temple
Shoals:3: layout_shoals
Shoals:4: shoals_end_hellmonk_lost_city
Spider:1: layout_cave_pods, nzn_ghost_randoct, uniq_asterion
Spider:2: layout_spider_delve
Spider:3: layout_spider_delve, uniq_arachne
Spider:4: grunt_spider_rune_parallel
Slime:1:  layout_caves
Slime:2:  layout_caves, nicolae_slime_barrier,
          cheibrodos_slime_lost_civilization_6
Slime:3:  layout_caves, nicolae_slime_ancient_tower_intersection,
          nicolae_slime_rock_hall_of_fame
Slime:4:  layout_caves, nicolae_slime_crime_time
Slime:5:  slime_pit_nicolae_inversion
Orc:1:    layout_caves, rock_pile
Orc:2:    pubby_orc_utopia, serial_shops, uniq_sonja
Elf:1:    layout_loops_corners, minmay_elf_necromancy
Elf:2:    elven_hall_of_blades_hangedman_original [mumra_blade_entry_bloodbath],
          layout_rooms, serial_shops, nicolae_shop_crystal,
          nicolae_shop_dragon_depot, minivault_16
Elf:3:    elf_hall_gauntlet_wide, layout_rooms, serial_shops, shop,
          grunt_megastairs_4
Vaults:1: portal_desolation_entry_nicolae_nacl,
          nicolae_vaults_diagonal_hallway_6, nicolae_vaults_apartment_1,
          nicolae_vaults_doubleplus_tesselated, ontoclasm_vaults_eye,
          nicolae_vaults_trapezoid_2, ontoclasm_vaults_chip,
          nicolae_vaults_house_2, nicolae_vaults_heart-shaped_vault,
          nicolae_vaults_double_plus_1, layout_vaults_omnigrid, uniq_saint_roka
Vaults:2: v_pattern_5, v_alt_pattern_4, grunt_vaults_trifunnel, v_misc_23,
          hangedman_vaults_hard_town_square, minmay_crypt_entry_simple_box,
          v_misc_29, v_misc_10, hangedman_vaults_hat,
          nicolae_vaults_double_plus_1, hangedman_vaults_nodes,
          layout_vaults_ring, serial_shops
Vaults:3: nicolae_vaults_gold_heap, nicolae_vaults_inception_statues,
          nicolae_vaults_closet_pinwheel_2, nicolae_vaults_whirlpool_walls,
          nicolae_vaults_layer_cake_slice, v_misc_30,
          nicolae_vaults_offset_grid_hallway_2, nicolae_vaults_theta,
          nicolae_vaults_storage_closets_2, v_misc_4, ontoclasm_vaults_shuriken,
          v_misc_22, hangedman_vaults_snaps, nicolae_vaults_closet_pinwheel_3,
          nicolae_vaults_variable_pillar_hall, nicolae_vaults_apartment_1,
          layout_vaults_omnicross
Vaults:4: nicolae_vaults_closet_pinwheel_2, nicolae_vaults_sightless_eye,
          nicolae_vaults_offset_grid_hallway_3,
          nicolae_vaults_trapezoid_lopsided_4, v_misc_31,
          vaults_mumra_minichess_inversion, v_pattern_2,
          nicolae_vaults_six-pack, v_misc_25, nicolae_vaults_cochlea,
          nicolae_vaults_tetromino_T_2, nicolae_vaults_trapezoid_3,
          nicolae_vaults_shelves_hall, layout_vaults_chaotic_city
Vaults:5
Crypt:1:  layout_misc_corridors, due_unseen_surprise
Crypt:2:  layout_chaotic_city, corexii_leaking_fountain, wad_floor_pattern_1,
          evilmike_ambush [evilmike_ambush_outer_corners,
          evilmike_ambush_inner_basic], grunt_megastairs_5
Crypt:3:  lightli_unholy_cathedral, layout_chaotic_city,
          serial_co_window_serial, co_window_paths_a, co_window_corner_a,
          co_window_paths_a, co_window_paths_a, co_window_cross_1,
          co_window_paths_b, co_window_corner_a, co_window_of_opportunity_b,
          co_window_unsneaky_path_d, co_window_unsneaky_path_d,
          co_window_2corner, co_window_2corner, co_window_paths_e,
          glass_columns_a, glass_columns_a, glass_columns_c, glass_columns_c,
          glass_columns_c, uniq_frederick
Depths:1: layout_big_octagon, hex_medium, rand_demon_pan_entry_3,
          gammafunk_ghost_smash, hell_entry, lightli_gold_pyramid
Depths:2: minmay_the_grid_four_pointed_star_mashed
          [minmay_the_grid_triangle_9x9_swiss_cheese,
          minmay_the_grid_triangle_9x9_warning,
          minmay_the_grid_triangle_9x9_cache,
          minmay_the_grid_triangle_9x9_intruding_spiral,
          minmay_the_grid_prize_four_corners_diamond_a], layout_basic,
          enter_ziggurat_a, pan_entry, hell_entry, serial_shops,
          nicolae_shop_tiny_glass, infiniplex_staircase_zigzag_3,
          uniq_bai_suzhen, uniq_josephina
Depths:3: minmay_tile_spiral, layout_cave_pools, minmay_misc_feat_tiny,
          abyss_entry_glasseish, hell_entry, minmay_shop_star
Depths:4: evilmike_zot_entry_hall, layout_long_grid, hell_entry,
          abyss_entry_small_statue_room
Zot:1:    layout_onion_interference, bh_zot_levy_curve
Zot:2:    layout_misc_corridors, hangedman_elemental_grid_stream,
          grunt_megastairs_3, uniq_vv
Zot:3:    kennysheep_ambush_hall, layout_twisted_circle, hellmonk_zot_clocked
Zot:4:    layout_misc_corridors
Zot:5:    layout_gridlike

Action                     |  1- 3 |  4- 6 |  7- 9 | 10-12 | 13-15 | 16-18 | 19-21 | 22-24 | 25-27 || total
---------------------------+-------+-------+-------+-------+-------+-------+-------+-------+-------++-------
  Melee: Mace              |    68 |       |       |       |       |       |       |       |       ||    68
         Punch             |     3 |       |     2 |     8 |    21 |     3 |       |       |       ||    37
         Whip              |    87 |   126 |   342 |    24 |       |       |       |       |       ||   579
         Morningstar       |       |       |    26 |       |       |       |       |       |       ||    26
         Lance             |       |       |       |   833 |  2077 |  2352 |   330 |    78 |       ||  5670
         Bite              |       |       |       |       |       |   283 |   137 |       |       ||   420
         Broad axe         |       |       |       |       |       |       |  1063 |  1477 |  1372 ||  3912
         Headbutt          |       |       |       |       |       |       |   385 |   232 |       ||   617
         Pseudopods        |       |       |       |       |       |       |       |   537 |       ||   537
  Throw: Dart              |       |       |       |     6 |    15 |     1 |       |       |       ||    22
 Invoke: Fiery Armour      |       |       |     2 |     3 |     1 |       |       |       |       ||     6
         Foxfire Swarm     |       |       |       |     2 |       |       |       |       |       ||     2
         Rising Flame      |       |       |       |     1 |       |       |       |       |       ||     1
         Slimify           |       |       |       |       |       |     2 |     2 |       |       ||     4
  Evoke: Wand              |       |       |       |     4 |     4 |     1 |     2 |     1 |    10 ||    22
         Lightning rod     |       |       |       |       |       |     4 |       |       |       ||     4
    Use: Scroll            |       |     5 |     6 |    14 |     2 |     4 |    10 |     1 |     8 ||    50
         Potion            |       |       |       |     3 |     2 |     2 |     1 |       |     5 ||    13
   Stab: Petrified         |       |       |       |       |     4 |     5 |       |       |       ||     9
         Sleeping          |       |       |       |       |     1 |       |       |       |       ||     1
         Distracted        |       |       |       |       |       |     1 |     1 |       |       ||     2
         Confused          |       |       |       |       |       |     4 |    21 |     6 |       ||    31
         Invisible         |       |       |       |       |       |       |    15 |       |       ||    15
 Armour: Robe              |    46 |       |       |       |       |       |       |       |       ||    46
         Leather armour    |     1 |       |       |       |       |       |       |       |       ||     1
         Scale mail        |    34 |       |       |       |       |       |       |       |       ||    34
         Ring mail         |     9 |    74 |   201 |   349 |   156 |       |       |       |       ||   789
         Plate armour      |       |       |       |   163 |   466 |  1546 |   229 |       |       ||  2404
         Chain mail        |       |       |       |   114 |   522 |       |       |       |       ||   636
         Gold dragon scale |       |       |       |       |       |       |   452 |   529 |   428 ||  1409
  Dodge: Dodged            |    68 |    57 |   133 |   255 |   795 |   614 |   281 |   298 |   304 ||  2805
  Block: Buckler           |       |       |       |       |       |   136 |       |       |       ||   136
         Other             |       |       |       |       |       |     2 |       |       |       ||     2
         Kite shield       |       |       |       |       |       |   584 |   507 |   916 |   250 ||  2257
         Reflection        |       |       |       |       |       |       |     4 |    40 |    24 ||    68
         Tower shield      |       |       |       |       |       |       |       |       |   773 ||   773
